 Dungeon Crawl Stone Soup version 0.28-a0-980-g3664467d6e (webtiles) character file.

Game seed: 16453508942274538116

917 Peloso the Slasher (level 7, -1/61 HPs)
             Began as a Minotaur Fighter on Dec 2, 2021.
             Succumbed to a gnoll sergeant's poison
             ... on level 7 of the Dungeon.
             The game lasted 00:05:31 (3193 turns).

Peloso the Slasher (Minotaur Fighter)               Turns: 3193, Time: 00:05:31

Health: -1/61      AC: 13    Str: 21    XL:     7   Next: 83%
Magic:  6/6        EV: 12    Int:  5    God:
Gold:   225        SH:  5    Dex: 11    Spells: 6/6 levels left

rFire   . . .      SeeInvis .   a - +0 long sword
rCold   . . .      Faith    .   c - +0 buckler
rNeg    . . .      Spirit   .   e - +0 chain mail
rPois   .          Reflect  .   v - +2 hat
rElec   .          Harm     .   g - +0 cloak
rCorr   .          Rampage  .   (no gloves)
Will    .....                   (no boots)
Stlth   ..........              (no amulet)
HPRegen 0.20/turn               j - +4 ring of evasion
MPRegen 0.10/turn               (no ring)

@: lethally poisoned (-1 -> -18), invisible
A: horns 2, retaliatory headbutt
a: no special abilities


You were on level 7 of the Dungeon.
You visited 1 branch of the dungeon, and saw 7 of its levels.

You collected 225 gold pieces.

Inventory:

Hand Weapons
 a - a +0 long sword (weapon)
Missiles
 w - a throwing net (quivered)
Armour
 b - a +0 scale mail
 c - a +0 buckler (worn)
 e - a +0 chain mail (worn)
 g - a +0 cloak (worn)
 v - a +2 hat (worn)
Jewellery
 j - a +4 ring of evasion (left hand)
 s - a +6 ring of intelligence
Scrolls
 f - a scroll of amnesia {unknown}
 h - a scroll of teleportation {unknown}
 k - a scroll of noise {unknown}
 l - 3 scrolls of magic mapping
 o - a scroll of identify {unknown}
 q - a scroll of brand weapon {unknown}
 r - a scroll of vulnerability {unknown}
 u - a scroll of enchant weapon {unknown}
Potions
 d - 2 potions of might
 i - a potion of haste {unknown}
 m - a potion of degeneration {unknown}
 n - a potion of curing {unknown}
 p - a potion of attraction {unknown}


   Skills:
 + Level 5.1 Fighting
 + Level 7.1 Long Blades
 + Level 6.7 Armour
 + Level 2.2 Dodging
 + Level 0.7 Stealth
 + Level 5.2 Shields


You had 6 spell levels left.
You didn't know any spells.
Your spell library was empty.

Dungeon Overview and Level Annotations

Branches:
Dungeon (7/15)
 Temple: D:4-7

Altars:
Sif Muna
Trog
Uskayaw

Annotations:
D:3 Sigmund


Innate Abilities, Weirdness & Mutations

You have a pair of horns on your head.
You reflexively headbutt those who attack you in melee.


Message History

You kill the white imp!
The gnoll sergeant hits you from afar with a +1 trident of venom!
You are poisoned.
You feel sick.
You feel sick.
The gnoll sergeant hits you but does no damage.
You hit the gnoll sergeant but do no damage.
You feel sick.
The gnoll sergeant hits you with a +1 trident of venom.
You are more poisoned.
You closely miss the gnoll sergeant. You headbutt the gnoll sergeant.
The gnoll sergeant is moderately wounded.
You feel very sick. The gnoll hits you with a +0 whip.
The gnoll sergeant closely misses you. You furiously retaliate!
You headbutt the gnoll sergeant. You barely miss the gnoll sergeant.
The gnoll sergeant is heavily wounded.
You feel very sick. You block the gnoll's attack.
The gnoll sergeant hits you with a +1 trident of venom.
You are more poisoned.
You hit the gnoll sergeant but do no damage.
Your headbutt misses the gnoll sergeant.
The gnoll sergeant is heavily wounded.
You feel very sick. You block the gnoll's attack.
The gnoll sergeant hits you with a +1 trident of venom!
* * * LOW HITPOINT WARNING * * *
You are lethally poisoned!
Okay, then.
Okay, then.
It was a potion of invisibility.
You fade into invisibility!
* * * LOW HITPOINT WARNING * * *
You feel very sick. You block the gnoll's attack.
The gnoll sergeant closely misses you. You furiously retaliate!
You headbutt the gnoll sergeant!
* * * LOW HITPOINT WARNING * * *
You feel very sick.
You die...

###### #....#######
+....#.....# #....#.....#
#....#.....# #..@.#.....#
## #....#....<# ..##.
#gg..#...).##.....
#####+##....#..).........
.....g......+...)........
............#.....##.....
............#.....# .....
............#.....# .##.
............+.....# #


You could see a gnoll sergeant and a gnoll.

Vanquished Creatures
  A water moccasin (D:5)
  A sky beast (D:5)
  A necrophage (D:5)
  A bullfrog (D:5)
  A water moccasin zombie (D:6)
  2 scorpions
  2 centaur zombies (D:6)
  3 hounds
  A gnoll shaman (D:5)
  3 iguanas
  6 gnolls
  5 adders
  A white imp (D:7)
  A dart slug (D:5)
  5 orcs
  An endoplasm (D:1)
  4 goblins
  5 hobgoblins
  4 jackals (D:5)
  3 quokkas
  2 ball pythons
  3 bats
  A frilled lizard (D:1)
  3 kobolds
  2 rats
62 creatures vanquished.

Notes
Turn   | Place    | Note
-------+----------+-------------------------------------------
     0 | D:1      | Peloso the Minotaur Fighter began the quest for the Orb.
     0 | D:1      | Reached XP level 1. HP: 19/19 MP: 0/0
   315 | D:1      | Reached XP level 2. HP: 27/27 MP: 1/1
  1087 | D:2      | Noticed an ogre
  1103 | D:3      | Found a bloodstained altar of Trog.
  1173 | D:3      | Reached XP level 3. HP: 32/33 MP: 2/2
  1229 | D:3      | Reached skill level 3 in Long Blades
  1345 | D:3      | Noticed Sigmund
  1462 | D:4      | Found a hide-covered altar of Uskayaw.
  1607 | D:4      | Reached XP level 4. HP: 36/40 MP: 3/3
  1651 | D:4      | Noticed a lemure
  1667 | D:5      | Entered Level 5 of the Dungeon
  1667 | D:5      | Noticed a necrophage
  1674 | D:5      | Killed a necrophage
  1675 | D:5      | Reached skill level 4 in Long Blades
  1675 | D:5      | Reached skill level 5 in Armour
  1675 | D:5      | Reached XP level 5. HP: 37/46 MP: 4/4
  1893 | D:5      | Found a shimmering blue altar of Sif Muna.
  1905 | D:5      | Reached skill level 5 in Long Blades
  1905 | D:5      | Reached skill level 1 in Dodging
  1905 | D:5      | Reached XP level 6. HP: 50/53 MP: 5/5
  1918 | D:5      | Noticed a sky beast
  1931 | D:5      | Killed a sky beast
  2172 | D:5      | Noticed a water moccasin
  2181 | D:5      | Killed a water moccasin
  2182 | D:5      | Reached skill level 6 in Long Blades
  2182 | D:5      | Reached XP level 7. HP: 60/60 MP: 6/6
  2594 | D:6      | Reached skill level 5 in Shields
  2833 | D:6      | Reached skill level 5 in Fighting
  3080 | D:7      | Reached skill level 7 in Long Blades
  3192 | D:7      | HP: 3/61 [poisoned by a gnoll sergeant]
  3193 | D:7      | Succumbed to a gnoll sergeant's poison

Illustrated notes

Levels and vault maps discovered:
D:1:      tarquinn_simple_flora_water_d, layout_loops_corners, minmay_quantized
D:2:      layout_rooms, minmay_mini_jars, uniq_jessica, uniq_terence,
          uniq_natasha
D:3:      cheibrodos_old_hovel, layout_basic, trog_three_pillars_becter,
          nicolae_ru_awakened_eye, serial_shops, nicolae_shop_waterfront,
          minmay_misc_feat_five, eino_curves_03, uniq_grinder, uniq_sigmund
D:4:      layout_rooms, kennysheep_mini_moat, bloody_makhleb,
          dancing_weapons_uskayaw, minmay_temple_entry_wispy, uniq_pikel
D:5:      layout_basic, nicolae_sif_muna_condensation, minmay_misc_feat_rows
D:6:      layout_loops_ring
D:7:      black_bear_nest_1, layout_gridville, okawaru_ov_weapons_minmay,
          nzn_wu_jian_council_hall, mainiacjoe_overflow_surrounded_room,
          gammafunk_ghost_necromancy

Skill      XL: |  1  2  3  4  5  6  7 |
---------------+----------------------+-----
Armour         | 4 5 6 |  6.7
Shields        | 4 5 |  5.2
Fighting       | 4 5 |  5.1
Long Blades    | 3 4 5 6 7 |  7.1
Dodging        | 1 2 |  2.2
Stealth        | |  0.7

Action                   |  1- 3 |  4- 6 |  7- 9 || total
-------------------------+-------+-------+-------++-------
Melee: Long sword        |    63 |    42 |    62 ||   167
       Headbutt          |     8 |    11 |    16 ||    35
  Use: Scroll            |       |       |     1 ||     1
       Potion            |       |       |     1 ||     1
Armor: Chain mail        |    33 |    27 |    28 ||    88
       Scale mail        |     1 |       |       ||     1
Dodge: Dodged            |    49 |    38 |    42 ||   129
Block: Buckler           |    24 |    13 |    12 ||    49

Table legend: (Time is in decaauts)
 A = Elapsed time spent in this place.
 B = Non-inter-level travel time spent in this place.
 C = Inter-level travel time spent in this place.
 D = Time resting spent in this place.
 E = Time spent auto-exploring this place.
 F = Levels seen in this place.
 G = Mean time per level.
                   A        B        C        D        E       F      G
               +--------+--------+--------+--------+--------+-----+--------+
         Total |   3218 |   3166 |     52 |      0 |   2377 |   7 |  459.7 |
       Dungeon |   3218 |   3166 |     52 |      0 |   2377 |   7 |  459.7 |
               +--------+--------+--------+--------+--------+-----+--------+

Top non-repeatable levels by time:
     D:1: 964 daAuts
     D:5: 758 daAuts
     D:6: 606 daAuts
     D:3: 367 daAuts
     D:4: 215 daAuts
     D:7: 171 daAuts
     D:2: 134 daAuts
